 Dungeon Crawl Stone Soup version 0.31.0-32-g396128a36d (webtiles) character file.

Game seed: 6450563397588784476

40 Doomgape the Trooper (level 3, -4/24 HPs)
             Began as a Gargoyle Fighter on Apr 5, 2024.
             Slain by Robin
             ... wielding a +0 trident
              (5 damage)
             ... on level 2 of the Dungeon.
             The game lasted 00:01:25 (1054 turns).

Doomgape the Trooper (Gargoyle Fighter)             Turns: 1054, Time: 00:01:26

Health: -4/24      AC: 10    Str: 21    XL:     3   Next: 50%
Magic:  3/3        EV:  9    Int:  8    God:
Gold:   30         SH:  4    Dex:  9    Spells: 2/2 levels left

rFire   . . .        a - +0 war axe
rCold   . . .        c - +0 buckler
rNeg    + . .        b - +0 scale mail
rPois   ∞            (no helmet)
rElec   +            (no cloak)
rCorr   .            (no gloves)
SInv    .            (no boots)
Will    +....        (no amulet) Stlth
                     (no ring)
HPRegen 0.24/turn    (no ring)
MPRegen 0.08/turn

%: no passive effects
@: enlightened, flying
A: sickness immunity, AC +3, negative energy resistance 1, electricity
resistance, torment resistance 1, petrification resistance
a: no special abilities


You were on level 2 of the Dungeon.
You visited 1 branch of the dungeon, and saw 2 of its levels.

You collected 30 gold pieces.

Inventory:

Hand Weapons
 a - a +0 war axe (weapon)
Armour
 b - a +0 scale mail (worn)
 c - a +0 buckler (worn)
Scrolls
 e - a scroll of vulnerability {unknown}
Potions
 d - a potion of might
 g - a potion of degeneration {unknown}
 h - a potion of curing {unknown}
 i - a potion of mutation {unknown}


   Skills:
 + Level 3.8 Fighting
 + Level 2.3 Axes
 + Level 3.8 Armour
 - Level 3.4 Shields


You had 2 spell levels left.
You didn't know any spells.
Your spell library contained the following spells:

 Spells                   Type           Power      Damage    Failure   Level
 Magic Dart               Conj           0%         1d3       82%         1
 Slow                     Hex            0%         N/A       82%         1
 Blink                    Tloc           0%         N/A       91%         2
 Call Imp                 Summ           0%         N/A       91%         2
 Confusing Touch          Hex            0%         N/A       99%         3
 Sigil of Binding         Hex            0%         N/A       99%         3
 Vampiric Draining        Necr           0%         2d6       99%         3


Dungeon Overview and Level Annotations

Branches:
Dungeon (2/15)

Altars:

Annotations:
D:2 Robin


Innate Abilities, Weirdness & Mutations

You are immune to sickness and miasma.
Your stone body is resilient. (AC +3)
You are immune to poison.
You resist negative energy. (rN+)
You are resistant to electric shocks. (rElec)
You are resistant to unholy torment.
You are immune to petrification.


Message History

The goblin hits you but does no damage. Robin hits you but does no damage.
The goblin hits you with a +0 dagger. The goblin completely misses you.
The goblin closely misses you. Robin barely misses you.
You barely miss the goblin. You hit the goblin.
You kill the goblin!
The hobgoblin no longer looks unusually strong.
You block the goblin's attack.
Robin roars a battlecry!
The hobgoblins go into a battle-frenzy!
Unknown command.
You closely miss the goblin.
The goblin no longer looks unusually strong.
The goblin closely misses you. Robin barely misses you.
Robin roars a battlecry!
The goblin goes into a battle-frenzy!
The goblin hits you but does no damage.
Unknown command.
You closely miss the goblin. The goblin closely misses you.
Robin hits you but does no damage.
Unknown command.
You miss the goblin.
The goblin no longer looks unusually strong. x2
The hobgoblin no longer looks unusually strong.
The goblin no longer looks unusually strong.
The goblin hits you with a +0 dagger. Robin barely misses you.
The goblin hits you but does no damage.
Robin roars a battlecry!
The goblins go into a battle-frenzy!
You closely miss the goblin. The goblin hits you with a +0 dagger.
* * * LOW HITPOINT WARNING * * *
Robin hits you from afar with a +0 trident.
* * * LOW HITPOINT WARNING * * *
Unknown command.
Unknown command.
It was a potion of enlightenment.
You feel very buoyant.
You fly up into the air.
The goblin closely misses you.
Robin hits you from afar with a +0 trident.
You die...
Robin calls out, "Let's celebrate!
Time for a feast!"

##.........# #.#.#
#.#######.# ##.#.# #.#
#.# #..#.# ##'## #.#
#.##.# #...## #.###.##.#
.....## #........#
......## ###.#.####
.......####....######g..
..[....'.......)@)ggggg.
.......####....g#####g##
......## ##.#..# .....##
#....# #...## #.#..#
##'## #....# #.# ##.###
#.# #. ##.##


You could see Robin, 3 hobgoblins and 4 goblins.

Vanquished Creatures
  2 dart slugs (D:1)
  5 endoplasms (D:1)
  7 goblins
  3 jackals (D:1)
  2 kobolds (D:1)
  2 quokkas (D:1)
  3 ball pythons (D:1)
  5 bats (D:1)
  4 rats (D:1)
33 creatures vanquished.

Notes
Turn   | Place    | Note
-------+----------+-------------------------------------------
     0 | D:1      | Doomgape the Gargoyle Fighter began the quest for the Orb.
     0 | D:1      | Reached XP level 1. HP: 14/14 MP: 1/1
    65 | D:1      | Reached XP level 2. HP: 14/19 MP: 2/2
   186 | D:1      | Found a faded altar of an unknown god.
   353 | D:1      | Reached XP level 3. HP: 24/24 MP: 3/3
  1039 | D:2      | Noticed Robin
  1053 | D:2      | HP: 1/24 [Robin/+0 trident (6)]
  1054 | D:2      | Slain by Robin

Illustrated notes

Levels and vault maps discovered:
D:1:      dpeg_arrival_solitude, layout_loops_ring,
          ebering_ecumenical_altar_rust, hex_medium, st_stairs_8,
          roderic_roman_lattice
D:2:      layout_loops_corners, uniq_robin

Skill      XL: |  1 |
---------------+----+-----
Axes           | 2 |  2.3
Fighting       | |  3.8
Armour         | |  3.8
Shields        | |  3.4

Action                     || total
---------------------------++-------
  Melee: War axe           ||    79
    Use: Potion            ||     1
 Armour: Scale mail        ||    70
  Dodge: Dodged            ||    41
  Block: Buckler           ||    16
